 Dungeon Crawl Stone Soup version 0.21.0 (webtiles) character file.

51 BarneyGumball the Chopper (level 3, -1/31 HPs)
             Began as a Minotaur Berserker on Jan 25, 2018.
             Was a Believer of Trog.
             Slain by solaricas's ghost (17 damage)
             ... on level 3 of the Dungeon.
             The game lasted 00:03:02 (1116 turns).

BarneyGumball the Chopper (Minotaur Berserker)      Turns: 1116, Time: 00:03:03

Health: -1/31      AC:  2    Str: 22    XL:     3   Next: 58%
Magic:  2/2        EV: 12    Int:  4    God:    Trog [**....]
Gold:   78         SH:  0    Dex:  9    Spells: 2/2 levels left

rFire    . . .     SeeInvis .   a - +0 hand axe
rCold    . . .     Gourm    .   (no shield)
rNeg     . . .     Faith    .   b - +0 animal skin
rPois    .         Spirit   .   (helmet restricted)
rElec    .         Reflect  .   (no cloak)
rCorr    .         Harm     .   (no gloves)
MR       .....                  (no boots)
Stlth    +.........             j - amulet of inaccuracy (curse)
HPRegen  0.10/turn              i - +2 ring of slaying
MPRegen  0.08/turn              (no ring)

@: lethally poisoned (-1 -> -5)
A: retaliatory headbutt, horns 2
a: Berserk, Trog's Hand, Burn Spellbooks, Renounce Religion


You were on level 3 of the Dungeon.
You worshipped Trog.
Trog was pleased with you.
You were hungry.

You visited 1 branch of the dungeon, and saw 3 of its levels.

You collected 78 gold pieces.

Inventory:

Hand Weapons
 a - a +0 hand axe (weapon)
Armour
 b - a +0 animal skin (worn)
Jewellery
 i - a +2 ring of slaying (left hand)
 j - a cursed amulet of inaccuracy (around neck)
Wands
 h - a wand of polymorph (13)
Scrolls
 d - a scroll of teleportation {unknown}
 f - a scroll of magic mapping {unknown}
Potions
 e - a potion of heal wounds {unknown}
 g - a potion of degeneration {unknown}
 k - a potion of haste {unknown}
Comestibles
 c - 5 rations


   Skills:
 - Level 3.6 Fighting
 + Level 5.6 Axes
 - Level 2.4 Armour
 - Level 2.1 Dodging


You had 2 spell levels left.
You didn't know any spells.

Dungeon Overview and Level Annotations

Branches:
Dungeon (3/15)

Altars:
The Shining One

Annotations:
D:3 Sigmund; solaricas's ghost, amateur MiFi


Innate Abilities, Weirdness & Mutations

You reflexively headbutt those who attack you in melee.
You have a pair of horns on your head.


Message History

The orc misses you.
An adder comes into view.
There is a stone staircase leading up here.
You slash the orc!
You kill the orc!
Trog accepts your kill.
You hit solaricas's ghost.
Solaricas's ghost is lightly damaged.
Solaricas's ghost closely misses you. You furiously retaliate!
You headbutt solaricas's ghost.
A worker ant comes into view.
You hit solaricas's ghost. Your headbutt misses solaricas's ghost.
Solaricas's ghost is moderately damaged.
You miss the adder. You hit the orc. The adder bites you.
You are poisoned.
The adder poisons you! The orc barely misses you.
Solaricas's ghost barely misses you. The adder bites you.
You feel sick. The goblin hits you with a dagger. Solaricas's ghost hits you!
Ouch! That really hurt!
You die...

....... #
#.#.#.# ..
#.#.#.#
#..##...#.+
#.......?#
.......#.##
..###..roS.####.
.......W@.......
...?...g...%....
............#.##
...........w..#
>..a............
.!........##..##
#######.... ..#
#.!.......#
.......#


You could see a worm, a worker ant, solaricas's ghost, an adder, an orc, a
goblin and a rat.

Vanquished Creatures
  An adder (D:2)
  2 oozes (D:1)
  3 leopard geckos
  An orc (D:3)
  2 ball pythons (D:1)
  A goblin (D:1)
  2 hobgoblins (D:1)
  5 jackals (D:1)
  A quokka (D:2)
  2 bats
  3 frilled lizards
  4 kobolds
  4 rats
31 creatures vanquished.

Notes
Turn   | Place    | Note
-------+----------+-------------------------------------------
     0 | D:1      | BarneyGumball the Minotaur Berserker began the quest for the Orb.
     0 | D:1      | Reached XP level 1. HP: 19/19 MP: 0/0
    31 | D:1      | Found a glowing golden altar of the Shining One.
    88 | D:1      | Reached skill level 4 in Axes
    95 | D:1      | Reached XP level 2. HP: 24/26 MP: 1/1
   144 | D:1      | Reached skill level 5 in Axes
   434 | D:1      | Reached XP level 3. HP: 26/31 MP: 2/2
   811 | D:2      | Reached ** piety under Trog
  1024 | D:3      | Noticed Sigmund
  1108 | D:3      | Noticed solaricas's ghost (amateur MiFi)
  1116 | D:3      | Slain by solaricas's ghost

Skill      XL: |  1  2 |
---------------+-------+-----
Axes           | 4 5 |  5.6
Fighting       | |  3.6
Armour         | |  2.4
Dodging        | |  2.1

Action                   || total
-------------------------++-------
Melee: Hand axe          ||    68
       Headbutt          ||    11
 Stab: Sleeping          ||     2
Armor: Animal skin       ||    12
Dodge: Dodged            ||    50
